 Dungeon Crawl Stone Soup version 0.31-a0-698-g4a7cf283bb (webtiles) character file.

Game seed: 10070496792289298600

3027 qw the Skirmisher (level 9, -11/59 HPs)
             Began as a Gargoyle Hunter on Sept 7, 2023.
             Mangled by a two-headed ogre
             ... wielding a +0 giant club
              (12 damage)
             ... on level 8 of the Dungeon.
             The game lasted 00:03:22 (7401 turns).

qw the Skirmisher (Gargoyle Hunter)                 Turns: 7401, Time: 00:03:23

Health: -11/59     AC: 21    Str: 16    XL:     9   Next: 85%
Magic:  9/9        EV: 13    Int:  9    God:
Gold:   155        SH:  0    Dex: 17    Spells: 8/8 levels left

rFire   . . .        Y - +1 shortbow
rCold   . . .        (shield currently unavailable)
rNeg    + . .        p - +3 leather armour
rPois   inf          i - +2 hat
rElec   +            (no cloak)
rCorr   .            m - +2 pair of gloves
SInv    .            c - +2 pair of boots
Will    .....        e - amulet of the acrobat
Stlth   ++           (no ring)
HPRegen 0.29/turn    (no ring)
MPRegen 0.11/turn

%: acrobat
@: no status effects
A: sickness immunity, AC +6, negative energy resistance 1, electricity
resistance, torment resistance 1, petrification resistance
a: no special abilities


You were on level 8 of the Dungeon.
You visited 2 branches of the dungeon, and saw 9 of its levels.
You also visited: Sewer.

You collected 440 gold pieces.
You spent 285 gold pieces at shops.


Innate Abilities, Weirdness & Mutations

You are immune to sickness and miasma.
Your stone body is resilient. (AC +6)
You are immune to poison.
You resist negative energy. (rN+)
You are resistant to electric shocks. (rElec)
You are resistant to unholy torment.
You are immune to petrification.


   Skills:
 - Level 8.2 Fighting
 + Level 11.1 Ranged Weapons
 - Level 2.8 Armour
 - Level 3.2 Dodging
 - Level 1.1 Stealth


You had 8 spell levels left.
You didn't know any spells.
Your spell library was empty.

Inventory:

Hand Weapons
 Y - a +1 shortbow (weapon)
Armour
 c - a +2 pair of boots (worn)
 i - a +2 hat (worn)
 m - a +2 pair of gloves (worn)
 p - a +3 leather armour (worn)
Jewellery
 e - an amulet of the acrobat (around neck)
Scrolls
 a - a scroll of identify
 b - a scroll of enchant armour
 l - 4 scrolls of teleportation
Potions
 d - a potion of resistance
 f - a potion of heal wounds
 g - a potion of magic {unknown}
 h - a potion of haste
 k - a potion of brilliance {unknown}
 o - a potion of enlightenment {unknown}

Dungeon Overview and Level Annotations

Branches:
Dungeon (8/15)             Temple (1/1) D:7           Sewer (visited)
   Lair: D:8-11

Altars:
Ashenzari
Cheibriados
Dithmenos
Elyvilon
Fedhas
Gozag
Hepliaklqana
Kikubaaqudgha
Makhleb
Qazlal
Ru
Sif Muna
Trog
Vehumet
Wu Jian
Yredelemnul
The Shining One

Shops:
D:2 ?   D:3 (   D:6 [?[*:

Annotations:
D:4 1 runed translucent door
D:7 2 transporters, qw's ghost, novice GrHu
D:8 1 transporter


Message History

7337 ||| STILL FLEEEEING.
7338 ||| STILL FLEEEEING.
You start resting.
HP restored.
A kobold comes into view. It is wielding a +0 short sword.
You shoot an arrow. The arrow hits the kobold.
You kill the kobold!
Found a potion of lignification.
A two-headed ogre comes into view. It is wielding two +0 giant clubs.
The two-headed ogre shouts in stereo!
The two-headed ogre moves out of view.
You shoot an arrow. The arrow hits the two-headed ogre.
The two-headed ogre is lightly wounded.
You shoot an arrow. The arrow hits the two-headed ogre!
The two-headed ogre is moderately wounded.
The two-headed ogre hits you with a +0 giant club!!
The two-headed ogre closely misses you.
You shoot an arrow.
The arrow hits the two-headed ogre but does no damage.
The two-headed ogre is moderately wounded.
You shoot an arrow. The arrow hits the two-headed ogre.
The two-headed ogre is moderately wounded.
The two-headed ogre misses you.
The two-headed ogre hits you with a +0 giant club!
You shoot an arrow. The arrow hits the two-headed ogre.
The two-headed ogre is moderately wounded.
The two-headed ogre hits you with a +0 giant club!
The two-headed ogre barely misses you.
You shoot an arrow.
The arrow barely misses the two-headed ogre.
You shoot an arrow. The arrow hits the two-headed ogre!
The two-headed ogre is heavily wounded.
The two-headed ogre hits you but does no damage.
The two-headed ogre hits you with a +0 giant club.
You shoot an arrow.
The arrow barely misses the two-headed ogre.
You shoot an arrow. The arrow hits the two-headed ogre.
The two-headed ogre is heavily wounded.
The two-headed ogre hits you with a +0 giant club! x2
You die...

##### ##...# ....#
...# ###O###
#.######..@..#
#.#.....!..###.# #
#.########.# ..
#.###### #.###.###
##......###...)....
#............######
.###..~~~~....#.#
.....[~~~~}..##.#
.# #.[)~~~~...# .#
#.#


You could see a two-headed ogre.

Vanquished Creatures
  A hornet (D:7)
  Sigmund (D:2)
  Menkaure (D:7)
  A steam dragon (D:8)
  An ice beast (D:5)
  6 sky beasts
  2 ogres (D:6)
  A centaur (D:8)
  2 phantoms
  A kobold brigand (D:8)
  3 bullfrogs
  2 scorpions
  2 wights (D:8)
  2 electric eels (D:7)
  2 howler monkeys
  4 hounds
  3 orc priests
  2 jellies
  5 iguanas
  Terence (D:3)
  Natasha (twice) (D:3)
  3 orc wizards
  4 gnolls (D:3)
  17 adders
  An ufetubus (D:5)
  A dart slug (D:2)
  17 orcs
  6 bats
  6 endoplasms
  8 giant cockroaches
  3 goblins
  11 hobgoblins
  5 quokkas
  7 ball pythons
  9 frilled lizards
  8 kobolds
  4 rats
155 creatures vanquished.

Vanquished Creatures (others)
  3 orcs (D:7)
3 creatures vanquished.

Grand Total: 158 creatures vanquished

Notes
Turn   | Place    | Note
-------+----------+-------------------------------------------
     0 | D:1      | qw the Gargoyle Hunter began the quest for the Orb.
     0 | D:1      | Reached XP level 1. HP: 12/12 MP: 1/1
     0 | D:1      | 0 ||| qw: Version: 0.3-a-76-g4403597
     0 | D:1      | 0 ||| qw: Game counter: 374
     0 | D:1      | 0 ||| qw: Melee chars always use a shield: true
     0 | D:1      | 0 ||| qw: God list: Okawaru
     0 | D:1      | 0 ||| qw: Allow faded altars: false
     0 | D:1      | 0 ||| qw: Do Orc after clearing Dungeon:15 true
     0 | D:1      | 0 ||| qw: Do second Lair branch before Depths: true
     0 | D:1      | 0 ||| qw: Lair rune preference: random
     0 | D:1      | 0 ||| qw: Goals: Normal
     0 | D:1      | 0 ||| PLANNING D:1-11
   132 | D:1      | Found a faded altar of an unknown god.
   515 | D:1      | Reached XP level 2. HP: 17/17 MP: 2/2
   672 | D:1      | 672 ||| READING scroll labelled XESA JYSKAHE.
   673 | D:1      | 673 ||| READING scroll labelled YPEAZE WION.
   674 | D:1      | 674 ||| READING 3 scrolls labelled HUEHUTZORO.
   675 | D:1      | 675 ||| READING scroll labelled ONGELL LEURO.
   676 | D:1      | 676 ||| READING scroll labelled ULECIM NEOTACW.
   677 | D:1      | 677 ||| DROPPING scroll of butterflies.
   761 | D:2      | Found Cieteuli's Magic Scroll Emporium.
   762 | D:2      | Found an ancient bone altar of Kikubaaqudgha.
   766 | D:2      | 766 ||| BUYING scroll of identify (20 gold).
   766 | D:2      | Bought a scroll of identify for 20 gold pieces
   766 | D:2      | 766 ||| BUYING scroll of teleportation (30 gold).
   766 | D:2      | Bought a scroll of teleportation for 30 gold pieces
   766 | D:2      | 766 ||| SHOPLISTING scroll of teleportation (30 gold, have
                  | 20).
   874 | D:2      | 874 ||| FLEEEEING.
   935 | D:2      | Reached XP level 3. HP: 8/21 MP: 3/3
  1006 | D:2      | Reached skill level 5 in Ranged Weapons
  1056 | D:2      | Noticed Sigmund
  1067 | D:2      | HP: 2/21 [Sigmund/+0 scythe (9)]
  1068 | D:2      | 1068 ||| READING scroll of teleportation.
  1071 | D:2      | Killed Sigmund
  1072 | D:2      | Reached XP level 4. HP: 2/31 MP: 4/4
  1072 | D:2      | Reached XP level 5. HP: 3/35 MP: 5/5
  1702 | D:2      | 1702 ||| UPGRADING to +2 hat.
  1707 | D:2      | 1707 ||| UPGRADING to +0 ring mail.
  1717 | D:2      | 1717 ||| DROPPING +0 leather armour.
  1718 | D:2      | 1718 ||| UPGRADING to amulet of the acrobat.
  1723 | D:2      | 1723 ||| READING scroll labelled MIBLENLAFO.
  1776 | D:3      | Noticed Natasha
  1782 | D:3      | 1782 ||| Stepping ~*~*~tactically~*~*~ (retreating).
  1783 | D:3      | 1783 ||| Stepping ~*~*~tactically~*~*~ (retreating).
  1793 | D:3      | 1793 ||| Stepping ~*~*~tactically~*~*~ (retreating).
  1794 | D:3      | HP: 7/35 [Natasha/magic dart (10)]
  1795 | D:3      | 1795 ||| Stepping ~*~*~tactically~*~*~ (retreating).
  1798 | D:3      | 1798 ||| Stepping ~*~*~tactically~*~*~ (retreating).
  1800 | D:3      | HP: 6/35 [cerulean imp/+0 spear[Natasha] (1)]
  1804 | D:3      | Killed Natasha
  1805 | D:3      | Reached skill level 1 in Armour
  1805 | D:3      | Reached XP level 6. HP: 7/40 MP: 6/6
  2000 | D:3      | Noticed Natasha
  2011 | D:3      | Killed Natasha
  2112 | D:3      | Noticed Terence
  2124 | D:3      | Killed Terence
  2207 | D:3      | Reached skill level 6 in Ranged Weapons
  2431 | D:3      | Found Muubuv's Weapon Emporium.
  2618 | D:3      | 2618 ||| UPGRADING to +0 pair of boots.
  2623 | D:3      | 2623 ||| READING 2 scrolls of enchant armour.
  2623 | D:3      | 2623 ||| ENCHANTING +0 pair of boots.
  2624 | D:3      | 2624 ||| READING scroll of enchant armour.
  2624 | D:3      | 2624 ||| ENCHANTING +1 pair of boots.
  2625 | D:3      | 2625 ||| READING scroll labelled EFESAA WILUO.
  2626 | D:3      | 2626 ||| DRINKING 2 ruby potions.
  2725 | D:4      | Found a runed translucent door.
  2725 | D:4      | Noticed a human
  2729 | D:4      | Found a basalt altar of Yredelemnul.
  2865 | D:4      | Reached XP level 7. HP: 38/44 MP: 7/7
  3254 | D:5      | Entered Level 5 of the Dungeon
  3255 | D:5      | 3255 ||| PLANNING SEWER
  3569 | D:5      | Reached skill level 7 in Ranged Weapons
  3586 | D:5      | HP: 9/44 [ice beast (13)]
  3595 | D:5      | HP: 8/44 [ice beast (3)]
  3595 | D:5      | HP: 2/44 [ice beast (6)]
  3608 | D:5      | 3608 ||| FLEEEEING.
  3769 | D:5      | Found a glowing drain.
  3770 | D:5      | 3770 ||| DRINKING 2 emerald potions.
  3779 | Sewer    | Entered a sewer
  3788 | Sewer    | 3788 ||| Stepping ~*~*~tactically~*~*~ (water).
  3888 | Sewer    | 3888 ||| Stepping ~*~*~tactically~*~*~ (water).
  3892 | Sewer    | 3892 ||| Stepping ~*~*~tactically~*~*~ (water).
  3928 | Sewer    | Reached skill level 8 in Ranged Weapons
  3984 | Sewer    | 3984 ||| Stepping ~*~*~tactically~*~*~ (water).
  4020 | Sewer    | Reached XP level 8. HP: 20/49 MP: 8/8
  4130 | Sewer    | Identified the +1 trident of Cheese {spect, rElec}
  4340 | D:5      | 4340 ||| PLANNING D:1-11
  4825 | D:6      | Found Ipeub's Book Emporium.
  4913 | D:6      | Reached skill level 9 in Ranged Weapons
  4916 | D:6      | Found an ancient bone altar of Kikubaaqudgha.
  4933 | D:6      | Found Tantel's Armour Emporium.
  4942 | D:6      | 4942 ||| BUYING +0 pair of gloves (63 gold).
  4942 | D:6      | Bought a +0 pair of gloves for 63 gold pieces
  4942 | D:6      | 4942 ||| SHOPLISTING +2 leather armour of fire resistance
                  | (266 gold, have 173).
  5029 | D:6      | Found Hett's Magic Scroll Emporium.
  5033 | D:6      | 5033 ||| BUYING scroll of enchant armour (112 gold).
  5033 | D:6      | Bought a scroll of enchant armour for 112 gold pieces
  5033 | D:6      | 5033 ||| SHOPLISTING scroll of enchant weapon (112 gold,
                  | have 80).
  5033 | D:6      | 5033 ||| BUYING scroll of identify (30 gold).
  5033 | D:6      | Bought a scroll of identify for 30 gold pieces
  5033 | D:6      | 5033 ||| BUYING scroll of identify (30 gold).
  5033 | D:6      | Bought a scroll of identify for 30 gold pieces
  5033 | D:6      | 5033 ||| SHOPLISTING scroll of teleportation (45 gold, have
                  | 20).
  5050 | D:6      | 5050 ||| Stepping ~*~*~tactically~*~*~ (outnumbered).
  5062 | D:6      | 5062 ||| Stepping ~*~*~tactically~*~*~ (outnumbered).
  5131 | D:6      | Reached skill level 6 in Fighting
  5178 | D:6      | Found Qaoqal's Antique Armour Boutique.
  5201 | D:6      | 5201 ||| RETREATING.
  5271 | D:6      | Found Kiehoma's General Store.
  5280 | D:6      | 5280 ||| SHOPLISTING potion of haste (110 gold, have 50).
  5292 | D:6      | You fall into a shaft and drop 1 floor!
  5300 | D:7      | Found a glowing golden altar of the Shining One.
  5355 | D:7      | 5355 ||| UPGRADING to +0 pair of gloves.
  5360 | D:7      | 5360 ||| UPGRADING to +3 leather armour.
  5370 | D:7      | 5370 ||| DROPPING +0 ring mail.
  5371 | D:7      | 5371 ||| READING 3 scrolls of enchant armour.
  5371 | D:7      | 5371 ||| ENCHANTING +0 pair of gloves.
  5372 | D:7      | 5372 ||| READING 2 scrolls of enchant armour.
  5372 | D:7      | 5372 ||| ENCHANTING +1 pair of gloves.
  5373 | D:7      | 5373 ||| READING scroll labelled WUMEWKULUT.
  5374 | D:7      | 5374 ||| READING 3 scrolls of identify.
  5374 | D:7      | 5374 ||| IDENTIFYING green potion
  5375 | D:7      | 5375 ||| READING 2 scrolls of identify.
  5375 | D:7      | 5375 ||| IDENTIFYING brown potion
  5376 | D:7      | 5376 ||| DROPPING potion of ambrosia.
  5380 | D:7      | Found a staircase to the Ecumenical Temple.
  5639 | D:6      | Found a hazy altar of Hepliaklqana.
  5709 | D:7      | 5709 ||| Stepping ~*~*~tactically~*~*~ (outnumbered).
  5710 | D:7      | 5710 ||| Stepping ~*~*~tactically~*~*~ (outnumbered).
  5711 | D:7      | 5711 ||| PLANNING TEMPLE
  5711 | D:7      | 5711 ||| FLEEEEING.
  5712 | D:7      | 5712 ||| FLEEEEING.
  5713 | D:7      | 5713 ||| FLEEEEING.
  5714 | D:7      | 5714 ||| FLEEEEING.
  5715 | D:7      | 5715 ||| FLEEEEING.
  5716 | D:7      | 5716 ||| FLEEEEING.
  5717 | D:7      | 5717 ||| FLEEEEING.
  5718 | D:7      | 5718 ||| FLEEEEING.
  5719 | D:7      | 5719 ||| STAIRDANCE
  5723 | D:7      | 5723 ||| STAIRDANCE
  5727 | D:7      | 5727 ||| STAIRDANCE
  5737 | D:6      | Reached skill level 10 in Ranged Weapons
  5739 | D:7      | 5739 ||| STAIRDANCE
  5743 | D:7      | 5743 ||| STAIRDANCE
  5747 | D:7      | 5747 ||| STAIRDANCE
  5751 | D:7      | 5751 ||| STAIRDANCE
  5755 | D:7      | 5755 ||| STAIRDANCE
  5759 | D:7      | 5759 ||| STAIRDANCE
  5763 | D:7      | 5763 ||| STAIRDANCE
  5767 | D:7      | 5767 ||| STAIRDANCE
  5772 | D:6      | Reached XP level 9. HP: 53/55 MP: 9/9
  5788 | D:7      | 5788 ||| STAIRDANCE
  5816 | Temple   | Entered the Ecumenical Temple
  5817 | Temple   | 5817 ||| PLANNING D:1-11
  5826 | D:7      | Noticed Menkaure
  5835 | D:7      | Killed Menkaure
  5836 | D:7      | Reached skill level 3 in Dodging
  5923 | D:7      | Noticed a hornet
  5924 | D:7      | 5924 ||| READING 2 scrolls of identify.
  5924 | D:7      | 5924 ||| IDENTIFYING puce potion
  5925 | D:7      | 5925 ||| DROPPING potion of lignification.
  5940 | D:7      | Killed a hornet
  6044 | D:7      | Found a bloodstained altar of Trog.
  6044 | D:7      | Noticed a moth of wrath
  6044 | D:7      | Noticed a two-headed ogre
  6044 | D:7      | Noticed qw's ghost (novice GrHu)
  6099 | D:7      | Found a transporter.
  6104 | D:7      | Found a transporter.
  6195 | D:7      | 6195 ||| Stepping ~*~*~tactically~*~*~ (outnumbered).
  6207 | D:7      | 6207 ||| FLEEEEING.
  6442 | D:7      | Found a shadowy altar of Dithmenos.
  6554 | D:7      | Noticed a gargoyle
  6555 | D:7      | 6555 ||| RETREATING.
  6579 | D:7      | HP: 14/57 [gargoyle/+0 mace (7)]
  6580 | D:7      | 6580 ||| READING 5 scrolls of teleportation.
  6919 | D:7      | 6919 ||| READING scroll labelled FUOSTO USYALA.
  6920 | D:7      | 6920 ||| DRINKING 2 fizzy orange potions.
  6950 | D:8      | Reached skill level 11 in Ranged Weapons
  6956 | D:8      | 6956 ||| STAIRDANCE
  6997 | D:8      | 6997 ||| STAIRDANCE
  7036 | D:8      | 7036 ||| STAIRDANCE
  7040 | D:8      | 7040 ||| STAIRDANCE
  7050 | D:7      | 7050 ||| DRINKING potion of curing.
  7050 | D:7      | 7050 ||| (to cure confusion)
  7060 | D:8      | 7060 ||| STAIRDANCE
  7136 | D:8      | 7136 ||| STAIRDANCE
  7143 | D:8      | 7143 ||| STAIRDANCE
  7197 | D:8      | Found a transporter.
  7217 | D:8      | 7217 ||| RETREATING.
  7223 | D:8      | 7223 ||| Stepping ~*~*~tactically~*~*~ (retreating).
  7224 | D:8      | 7224 ||| Stepping ~*~*~tactically~*~*~ (retreating).
  7227 | D:8      | 7227 ||| Stepping ~*~*~tactically~*~*~ (retreating).
  7247 | D:8      | 7247 ||| Stepping ~*~*~tactically~*~*~ (cloud).
  7329 | D:8      | 7329 ||| FLEEEEING.
  7391 | D:8      | Noticed a two-headed ogre
  7401 | D:8      | HP: 1/59 [two-headed ogre/+0 giant club (14)]
  7401 | D:8      | Mangled by a two-headed ogre

Levels and vault maps discovered:
D:1:      roderic_octagonal_star, layout_basic,
          hellmonk_ecumenical_altar_leap_of_faith
D:2:      kb_forest_paths, layout_loops_ring, basic_altar, serial_shops, shop,
          minmay_pentomino_r4, uniq_sigmund
D:3:      layout_loops_ring, serial_shops, shop, grunt_decor_fettered,
          uniq_terence, uniq_natasha
D:4:      layout_basic, dk_yredelemnul_ordeal, minmay_hedge_maze
D:5:      layout_basic, portal_sewer_entry_d, minmay_misc_feat_diagonals
D:6:      layout_basic, nicolae_kikubaaqudgha_miasma_corner,
          worldfamousw_hep_ancestral_shrine, serial_shops, nicolae_diamond_shop,
          nicolae_shop_pleasant_corner_grove, kennysheep_mini,
          nicolae_lakefront_shop, nicolae_shop_window_shopping, sigmund_army
D:7:      layout_rooms, grunt_dithmenos_shadows, tso_metal_star,
          minmay_temple_entry_large_hall, gammafunk_ghost_wrathful_warriors,
          serial_bayou, serial_bayou_shore_b, serial_bayou_lagoon_a,
          serial_bayou_lake_a, serial_bayou_shore_b, serial_bayou_pond_c,
          serial_bayou_pond_b, uniq_menkaure
D:8:      layout_loops_ring, serial_rivers, chequers_serial_rivers_marsh,
          chequers_serial_rivers_small_b, chequers_serial_rivers_marsh,
          chequers_serial_rivers_micro_b, gammafunk_ghost_arena,
          serial_park_tiny_pond
Temple:   hellmonk_temple_forest_ring

Skill      XL: |  1  2  3  4  5  6  7  8  9 |
---------------+----------------------------+-----
Ranged Weapons | 5 6 8 10 11 | 11.1
Fighting       | 5 6 8 |  8.2
Armour         | 1 2 |  2.8
Dodging        | 2 3 |  3.2
Stealth        | |  1.1

Action                     |  1- 3 |  4- 6 |  7- 9 || total
---------------------------+-------+-------+-------++-------
   Fire: Shortbow          |    64 |   136 |   566 ||   766
    Use: Scroll            |     6 |     4 |     8 ||    18
         Potion            |       |     1 |     3 ||     4
 Armour: Leather armour    |    26 |       |   130 ||   156
         Ring mail         |       |    67 |   123 ||   190
  Dodge: Dodged            |    16 |    55 |   174 ||   245

Table legend:
 A = Non-vault XP
 B = Vault XP
 C = Vault XP percentage of total XP
 D = Non-vault monster count
 E = Vault monster count
 F = Vault count percentage of total count
                 A         B        C        D         E       F
            +---------+---------+-------+---------+---------+-------
      Total |    3096 |    1229 |  28.4 |     102 |      53 |  34.2
            +---------+---------+-------+---------+---------+-------
        D:1 |      11 |       0 |   0.0 |       6 |       0 |   0.0
        D:2 |      35 |     251 |  87.8 |      13 |      10 |  43.5
        D:3 |     153 |      71 |  31.7 |      24 |       2 |   7.7
        D:4 |     141 |       0 |   0.0 |       6 |       0 |   0.0
        D:5 |     442 |      13 |   2.9 |      12 |       1 |   7.7
        D:6 |     981 |       6 |   0.6 |      19 |       3 |  13.6
        D:7 |     762 |     561 |  42.4 |      12 |       6 |  33.3
        D:8 |     571 |       0 |   0.0 |      10 |       0 |   0.0
      Sewer |       0 |     327 | 100.0 |       0 |      31 | 100.0
            +---------+---------+-------+---------+---------+-------
